Map: Dusty Gorge

Players

ssjwolf

  • Race: Zerg Zerg
  • League: Platinum
  • Spawn Location: 11:00

matrixneo

  • Race: Terran Terran
  • League: Gold
  • Spawn Location: 9:00

ILIEKEGGPIE - Winner!

  • Race: Protoss Protoss
  • League: Platinum
  • Spawn Location: 3:00

Michał - Winner!

  • Race: Protoss Protoss
  • Spawn Location: 5:00

VOD

Have the link to the VOD?

Description

Time

  • Played on: April 27, 2018, 3:59 p.m.
  • Length: 19:21
Show
View Real Time Build Order
Export as new Build Order

ssjwolf Zerg 

Build Orders: Hatch First, Muta Ling Bane 

Get SALT Encoding   

  12  0:05  Drone  
  13  0:14  Drone  
  14  0:22  Extractor  
  14  0:23  Extractor  
  14  0:24  Drone x2  
  16  0:33  Overlord  
  16  0:58  Hatchery  
  15  1:06  Drone x3  
  18  1:20  Spawning Pool  
  18  1:22  Extractor  
  18  1:24  Drone  
  17  1:29  Drone  
  18  1:39  Drone  
  19  1:50  Overlord  
  19  2:07  Drone  
  20  2:14  Queen  
  20  2:15  Queen  
  22  2:17  Drone  
  22  2:19  Drone  
  26  2:24  Zergling x2  
  26  2:28  Evolution Chamber  
  26  2:30  Baneling Nest  
  26  2:35  Spore Crawler, Drone  
  25  2:37  Drone  
  25  2:42  Drone  
  27  2:57  Drone x2  
  29  2:59  Drone x2  
  29  3:01  Metabolic Boost  
  31  3:18  Overlord  
  30  3:25  Drone x4  
  34  3:29  Extractor  
  34  3:31  Zergling x2  
  34  3:32  Zergling x4  
  36  3:37  Zergling x2  
  37  3:42  Drone  
  37  3:43  Drone  
  37  3:45  Drone  
  40  3:52  Baneling  
  40  3:54  Baneling x2  
  40  4:04  Lair  
  40  4:06  Overlord  
  40  4:07  Overlord  
  40  4:09  Drone x3  
  43  4:15  Zerg Melee Weapons Level 1  
  43  4:22  Evolution Chamber, Drone  
  43  4:23  Drone  
  43  4:47  Drone x4  
  43  4:48  Drone  
  48  4:53  Extractor  
  48  4:56  Zerg Ground Armor Level 1  
  48  4:59  Zergling x8  
  51  5:00  Zergling x4  
  53  5:24  Drone x2, Extractor  
  53  5:25  Drone x3  
  57  5:32  Centrifical Hooks  
  57  5:41  Spire  
  56  5:45  Spore Crawler  
  56  5:49  Spore Crawler  
  54  5:53  Drone  
  54  5:54  Drone  
  56  6:02  Overlord x4  
  56  6:07  Queen  
  58  6:11  Overlord  
  58  6:12  Overlord  
  58  6:15  Drone  
  59  6:20  Queen  
  59  6:50  Spawning Pool  
  53  6:58  Spawning Pool  
  50  7:06  Mutalisk x9  
  68  7:24  Drone  
  68  7:25  Drone  
  70  7:34  Zerg Flyer Weapons Level 1  
  70  7:43  Zerg Melee Weapons Level 2  
  70  7:47  Zerg Ground Armor Level 2  
  70  7:55  Spore Crawler  
  69  8:10  Drone  
  70  8:24  Infestation Pit  
  70  8:25  Spore Crawler  
  68  8:30  Spore Crawler  
  67  8:42  Hatchery  
  67  8:43  Hatchery  
  65  9:32  Overseer  
  65  9:33  Zerg Flyer Weapons Level 2  
  65  9:51  Hatchery  
  64  10:07  Hatchery  
  64  10:09  Hive  
  61  10:59  Queen  
  63  11:08  Zergling x26  
  63  11:09  Zergling x44  
  98  11:15  Queen  
  98  11:17  Drone  
  101  11:38  Baneling  
  101  11:39  Baneling x13  
  101  11:45  Overlord x4  
  101  11:49  Zerg Melee Weapons Level 3  
  101  11:52  Zerg Ground Armor Level 3  
  101  11:56  Adrenal Glands  
  101  12:01  Burrow  
  101  12:08  Drone x2  
  101  12:09  Drone  
  104  12:31  Zerg Flyer Weapons Level 3  
  60  13:00  Mutalisk  
  60  13:01  Mutalisk x13  
  60  13:02  Mutalisk  
  60  13:03  Zergling x2  
  60  13:04  Zergling x36  
  102  13:27  Mutalisk x3  
  102  13:28  Zergling x2  
  102  13:29  Zergling x22  
  91  14:13  Mutalisk x2  
  91  14:14  Mutalisk x17  
  102  14:38  Zergling x2  
  102  14:39  Zergling x4  
  91  14:49  Queen  
  90  14:54  Zergling x2  
  90  14:55  Zergling x26  
  72  15:20  Baneling x3  
  72  15:21  Baneling x5  
  52  15:23  Zergling x22  
  54  15:34  Zergling x2  
  54  15:35  Zergling x4  
  35  16:05  Spine Crawler  
  35  16:06  Spine Crawler x2  
  20  16:14  Queen  
  20  16:15  Drone x3  
  20  16:16  Drone x2  
  27  16:49  Drone, Queen  
  27  16:50  Drone x2  
  32  17:20  Mutalisk x10  
  32  17:21  Mutalisk  
  54  17:31  Drone  
  54  17:32  Drone  
  56  18:06  Spore Crawler x3  
  56  18:07  Spore Crawler x2  
  51  18:16  Zergling x4  
  51  18:17  Zergling x14  
  51  18:19  Zergling x2  
  58  18:42  Baneling x4  
  58  18:43  Baneling  
  58  18:47  Zergling x8  
Show
View Real Time Build Order
Export as new Build Order

matrixneo Terran 

Build Orders: MMM Bio 

Get SALT Encoding   

  12  0:01  SCV  
  13  0:13  SCV  
  14  0:19  Supply Depot  
  14  0:25  SCV  
  15  0:40  SCV  
  16  0:44  Barracks  
  16  0:52  SCV  
  17  1:03  Barracks  
  17  1:04  SCV  
  18  1:16  SCV  
  19  1:25  Barracks  
  19  1:29  Refinery, SCV  
  20  1:33  Marine  
  21  1:41  Supply Depot  
  21  1:51  Orbital Command  
  21  1:59  Marine  
  21  2:00  Marine  
  23  2:12  Supply Depot  
  23  2:13  Barracks Tech Lab  
  23  2:21  Marine  
  24  2:24  Refinery  
  24  2:40  Supply Depot  
  24  2:42  Marine  
  25  2:45  Barracks Reactor, Barracks  
  25  2:52  Marauder  
  25  2:53  SCV  
  28  3:02  Marine  
  29  3:05  SCV  
  29  3:12  Supply Depot  
  30  3:16  Marauder  
  32  3:20  Marine  
  32  3:22  Marine x2  
  35  3:35  Engineering Bay, SCV  
  35  3:40  Marine  
  37  3:41  Marauder  
  39  3:50  Barracks Tech Lab  
  39  3:51  Barracks Tech Lab  
  39  3:59  Marine x2  
  41  4:03  Marauder  
  41  4:06  Stimpack  
  43  4:23  Marine  
  43  4:24  Marine  
  44  4:25  Factory  
  44  4:26  Marauder  
  44  4:27  Marine  
  44  4:29  Marine  
  49  4:37  Combat Shields  
  49  4:39  Concussive Shells  
  49  4:45  Marine x2  
  50  4:49  Marine  
  52  4:53  SCV  
  52  4:55  Marine  
  54  5:02  Marine  
  55  5:10  Supply Depot  
  55  5:14  Terran Infantry Weapons Level 1  
  55  5:32  SCV  
  56  5:38  Marine x2  
  58  5:44  Command Center  
  58  5:45  Supply Depot  
  58  5:47  Marine  
  58  5:48  Marine  
  60  5:52  Factory Tech Lab  
  60  5:57  SCV  
  60  6:00  Marine  
  60  6:01  Marine  
  63  6:06  Marine  
  64  6:13  Starport  
  64  6:15  Marine x2  
  66  6:22  Marine x2  
  66  6:24  Marine  
  69  6:30  SCV  
  70  6:43  SCV  
  69  7:22  Marine x4  
  72  7:25  Medivac  
  72  7:28  Starport, SCV  
  76  7:32  Refinery  
  76  7:36  Marauder  
  78  7:40  Marauder, Marine x2  
  78  7:41  Marauder, SCV  
  85  7:45  Terran Infantry Armor Level 1  
  85  7:53  SCV  
  86  8:05  Supply Depot  
  86  8:21  Starport Reactor x2  
  86  8:27  SCV x2  
  86  8:30  Missile Turret  
  86  8:32  Missile Turret  
  86  8:33  Missile Turret  
  88  8:34  Missile Turret  
  88  8:37  Missile Turret  
  88  8:39  SCV, Missile Turret  
  88  8:40  Missile Turret  
  88  8:41  Marauder, Marine x2, Missile Turret  
  93  8:42  Missile Turret  
  93  8:43  Marine  
  94  9:22  Supply Depot  
  94  9:23  Supply Depot  
  94  9:29  Supply Depot  
  94  9:43  Marine x3, Viking x2  
  94  9:44  Viking  
  103  9:59  Marine  
  103  10:00  Marine  
  105  10:11  Command Center  
  105  10:19  Missile Turret  
  105  10:22  Missile Turret  
  105  10:23  Missile Turret  
  103  10:56  Marauder x2, Marine  
  110  10:57  Marauder, Marine  
  111  11:06  Refinery  
  111  11:08  Siege Tank  
  111  11:10  Refinery  
  114  11:12  Supply Depot  
  114  11:14  Marine  
  114  11:17  Marauder  
  117  11:23  Marauder  
  119  11:29  Bunker  
  119  11:40  Siege Tank  
  122  11:48  Starport  
  122  12:13  Siege Tank  
  125  12:33  Raven  
  127  12:41  Viking x2  
  127  12:43  Medivac  
  133  12:45  Siege Tank  
  50  13:13  Medivac  
  9  15:38  Marine x2  
  9  15:40  Marine  
  9  15:41  Marine  
  13  15:52  Command Center  
  13  15:55  Marine  
  13  15:56  Marine  
  15  15:58  Marine  
  15  15:59  Marine  
  16  16:13  Marine x2  
  16  16:16  Marine x2  
  14  16:34  Marine  
Show
View Real Time Build Order
Export as new Build Order

ILIEKEGGPIE Protoss - Winner!

Build Orders:  

Get SALT Encoding   

  12  0:01  Probe  
  13  0:13  Probe  
  14  0:19  Pylon  
  14  0:25  Probe  
  15  0:39  Probe  
  16  0:43  Gateway  
  16  0:51  Probe  
  17  0:57  Assimilator  
  17  1:00  Probe  
  18  1:08  Probe  
  18  1:09  Pylon  
  18  1:18  Probe  
  20  1:30  Assimilator, Probe  
  21  1:33  Cybernetics Core  
  21  1:42  Probe  
  22  1:53  Gateway  
  22  1:54  Probe  
  23  2:10  Adept  
  23  2:11  Warp Gate  
  25  2:27  Robotics Facility  
  25  2:28  Probe  
  26  2:33  Sentry  
  25  2:40  Adept  
  25  2:43  Pylon  
  29  2:58  Gateway  
  29  3:00  Gateway  
  29  3:13  Probe  
  30  3:22  Stalker x2  
  34  3:35  Immortal  
  38  4:17  Pylon  
  38  4:20  Pylon  
  38  4:27  Warp Prism  
  40  4:44  Sentry x3  
  40  4:45  Zealot  
  48  5:08  Sentry  
  48  5:09  Sentry x2  
  48  5:10  Nexus  
  54  5:24  Pylon  
  54  5:25  Pylon  
  54  6:00  Probe  
  55  6:07  Twilight Council  
  55  6:09  Pylon  
  55  6:10  Robotics Bay  
  55  6:12  Probe  
  56  6:24  Probe  
  57  6:36  Probe  
  56  6:43  Zealot  
  56  6:44  Zealot x3  
  64  6:52  Extended Thermal Lance  
  50  7:06  Probe  
  50  7:09  Probe  
  50  7:14  Probe  
  50  7:15  Stalker x4  
  60  7:21  Probe  
  60  7:22  Charge  
  60  7:24  Probe  
  61  7:33  Probe x2  
  63  7:39  Assimilator  
  63  7:41  Assimilator, Probe  
  63  7:46  Probe  
  63  7:50  Probe  
  66  8:02  Probe  
  67  8:14  Probe  
  68  8:24  Forge  
  68  8:25  Colossus  
  74  8:29  Forge  
  74  8:33  Stalker x4  
  82  8:41  Pylon  
  82  8:45  Pylon  
  82  9:02  Templar Archives  
  82  9:05  Nexus  
  82  9:07  Pylon  
  82  9:18  Protoss Ground Armor Level 1, Protoss Ground Weapons Level 1  
  82  9:19  Colossus  
  82  9:21  Pylon  
  88  9:42  Probe  
  88  9:43  Probe  
  90  9:55  Probe x2  
  93  10:07  Probe x2  
  93  10:12  Assimilator  
  94  10:15  Assimilator  
  94  10:27  Immortal  
  94  10:28  High Templar x3  
  100  10:29  Zealot  
  104  10:37  Psionic Storm  
  104  10:54  Gateway x2  
  104  10:56  Colossus  
  104  10:57  Probe x2  
  104  11:01  Pylon  
  104  11:02  Probe  
  107  11:09  Probe  
  114  11:12  Gateway, Pylon x2  
  114  11:13  Gateway  
  114  11:19  Protoss Ground Armor Level 2, Protoss Ground Weapons Level 2  
  114  11:34  Probe  
  114  11:36  Blink  
  114  11:38  Probe x2  
  117  11:43  Probe  
  117  11:50  Colossus, Probe x2  
  117  11:53  Probe  
  121  12:02  Probe x2  
  121  12:04  High Templar x3  
  121  12:05  Probe  
  130  12:22  Pylon  
  130  12:26  Pylon  
  114  13:21  Stalker  
  114  13:22  Stalker x2  
  114  13:23  Zealot x3  
  114  13:24  Zealot x2  
  114  14:06  Stalker x4  
  114  14:07  Stalker  
  114  14:08  High Templar x3  
  102  15:28  Zealot x2  
  102  15:29  Zealot x3  
  102  15:30  High Templar x3  
  102  15:33  Gateway  
  118  15:36  Gateway, Pylon  
  118  15:37  Gateway  
  118  15:41  Gateway  
  106  15:49  Colossus  
  84  16:30  High Templar x2  
  84  16:31  High Templar  
  90  16:37  Nexus  
  90  16:39  Archon x2, Gateway x2  
  90  16:40  Archon, Pylon x2  
  90  16:42  Colossus, Sentry x6  
  90  16:43  Zealot  
  110  16:54  Pylon  
  110  16:55  Pylon  
  110  17:06  Assimilator  
  110  17:10  Assimilator  
  110  17:12  Nexus  
  110  17:13  Assimilator  
  110  17:16  Assimilator  
  110  17:18  Zealot x6  
  110  17:19  Zealot  
  124  17:32  Gateway  
  124  17:33  Gateway  
  124  17:35  Gateway  
  124  17:36  Gateway  
  124  17:51  High Templar x2  
  124  17:52  High Templar x3  
  124  17:53  Zealot x4  
  124  17:54  Zealot x5  
  124  17:56  Observer  
Show
View Real Time Build Order
Export as new Build Order

Michał Protoss - Winner!

Build Orders: Forge Fast Expand (FFE) 

Get SALT Encoding   

  12  0:01  Probe  
  13  0:21  Pylon  
  13  0:31  Probe  
  14  0:43  Probe  
  15  0:52  Forge  
  15  0:54  Pylon  
  15  0:57  Probe  
  16  1:24  Nexus  
  16  1:35  Photon Cannon  
  16  1:41  Pylon  
  16  2:05  Photon Cannon  
  16  2:06  Probe  
  16  2:12  Gateway  
  16  2:14  Probe  
  17  2:16  Assimilator  
  18  2:24  Probe  
  19  2:31  Assimilator  
  19  2:38  Probe  
  19  2:41  Probe  
  20  2:46  Probe  
  20  2:49  Probe  
  22  2:56  Pylon, Probe  
  23  2:59  Probe  
  23  3:02  Cybernetics Core  
  23  3:04  Probe  
  25  3:11  Probe  
  27  3:15  Assimilator  
  27  3:23  Probe  
  28  3:29  Pylon  
  28  3:39  Stargate, Probe  
  28  3:42  Probe  
  28  3:47  Probe  
  30  3:50  Probe  
  32  3:56  Assimilator  
  32  3:57  Probe  
  32  4:00  Probe  
  33  4:02  Stargate  
  33  4:08  Pylon  
  34  4:13  Shield Battery  
  34  4:21  Photon Cannon  
  34  4:26  Shield Battery  
  34  4:30  Probe  
  35  4:34  Protoss Air Weapons Level 1  
  35  4:43  Probe  
  35  4:44  Void Ray  
  40  4:47  Void Ray  
  44  4:53  Probe  
  45  5:01  Probe  
  46  5:09  Probe  
  46  5:12  Stargate  
  47  5:19  Robotics Facility  
  47  5:21  Probe  
  48  5:30  Void Ray  
  48  5:33  Probe  
  53  5:37  Void Ray  
  57  5:45  Probe  
  58  6:08  Observer  
  58  6:10  Void Ray  
  63  6:13  Probe  
  64  6:25  Probe  
  65  7:11  Void Ray  
  65  7:12  Void Ray x2  
  77  7:16  Protoss Air Armor Level 1  
  77  7:20  Robotics Bay  
  77  7:21  Pylon  
  77  7:26  Robotics Facility  
  77  7:46  Pylon  
  77  7:48  Shield Battery  
  77  7:50  Photon Cannon  
  77  7:55  Photon Cannon  
  77  8:06  Extended Thermal Lance  
  77  8:12  Colossus  
  77  8:13  Colossus  
  89  8:35  Void Ray  
  89  8:40  Pylon  
  93  8:45  Pylon  
  93  9:01  Void Ray  
  97  9:03  Void Ray  
  101  9:11  Pylon  
  101  9:12  Protoss Shields Level 1  
  101  9:21  Observer  
  102  9:39  Colossus  
  108  9:52  Forge  
  108  10:02  Fleet Beacon  
  104  10:22  Phoenix x3  
  106  10:36  Photon Cannon  
  106  10:38  Anion Pulse-Crystals  
  106  10:40  Photon Cannon  
  106  10:45  Photon Cannon  
  106  10:51  Phoenix  
  106  10:52  Phoenix  
  110  10:58  Protoss Air Weapons Level 2  
  110  11:00  Nexus  
  110  11:03  Pylon  
  110  11:06  Pylon  
  110  11:16  Phoenix  
  112  11:54  Void Ray  
  112  11:55  Void Ray  
  120  12:09  Phoenix  
  120  12:14  Protoss Ground Weapons Level 1  
  122  12:39  Void Ray x2  
  104  13:22  Phoenix x2  
  90  15:49  Void Ray  
  90  15:50  Void Ray x2  
  90  15:53  Protoss Air Armor Level 2  
  102  16:00  Probe, Photon Cannon  
  102  16:02  Photon Cannon  
  103  16:05  Photon Cannon  
  103  16:08  Probe  
  103  16:09  Photon Cannon  
  103  16:17  Probe  
  103  16:29  Probe  
  103  16:32  Void Ray  
  104  16:33  Void Ray, Observer  
  112  16:41  Probe  
  113  17:11  Void Ray  
  113  17:15  Void Ray  
  117  17:20  Assimilator  
  121  17:24  Assimilator  
  121  17:27  Shield Battery  
  121  17:30  Shield Battery  
  121  17:34  Shield Battery  
  121  17:39  Pylon  
  121  17:46  Pylon  
  121  17:47  Pylon  
Tags
 
Add a new tag
Caveats
  • Supply blocks, unpowered buildings, or Contaminate may cause inaccurate times.
  • Supply counts are checked every 10 seconds.